 Dungeon Crawl Stone Soup version 0.16.0-8-gd9ae3a8 (webtiles) character file.

2783 eeldvark the Cleaver (level 9, 0/70 (74) HPs)
             Began as a Deep Dwarf Fighter on Mar 16, 2015.
             Was a Follower of Okawaru.
             Slain by a wyvern (13 damage)
             ... on level 8 of the Dungeon.
             The game lasted 00:33:10 (5235 turns).

eeldvark the Cleaver (Deep Dwarf Fighter)           Turns: 5235, Time: 00:33:11

HP:   0/70 (74)     AC:  9    Str: 24    XL:     9   Next: 43%
MP:   9/9           EV:  7    Int:  9    God:    Okawaru [*.....]
Gold: 488           SH: 10    Dex: 19    Spells: 0 memorised, 8 levels left

rFire  + . .     SeeInvis .     a - +1 war axe (flame)
rCold  + . .     Clarity  +     b - +0 scale mail
rNeg   . . .     SustAb   .     c - +0 shield
rPois  +         Gourm    .     (no helmet)
rElec  +         Spirit   .     A - +0 cloak
rCorr  +         Warding  .     M - +0 pair of gloves
rMut   .         Stasis   .     (no boots)
MR     +....                    q - amulet of clarity
Stlth  ..........               E - +4 ring of strength
                                l - +4 ring of dexterity (curse)

@: resistant, non-regenerating, somewhat resistant to hostile enchantments,
extremely unstealthy
A: damage resistance, recharge devices, sense surroundings 2, slow healing 3
a: Device Recharging, Heroism, Renounce Religion


You were on level 8 of the Dungeon.
You worshipped Okawaru.
Okawaru was aware of your devotion.
You were not hungry.

You visited 2 branches of the dungeon, and saw 9 of its levels.

You collected 488 gold pieces.

Inventory:

Hand weapons
 a - a +1 war axe of flaming (weapon)
 H - a +0 hunting sling
 J - a cursed +0 war axe
Missiles
 O - 40 bolts
 T - 20 sling bullets
Armour
 b - a +0 scale mail (worn)
 c - a +0 shield (worn)
 j - a +0 chain mail
 A - a +0 cloak (worn)
 D - a +0 plate armour
 M - a +0 pair of gloves (worn)
Jewellery
 l - a cursed +4 ring of dexterity (left hand)
 q - an amulet of clarity (around neck)
 u - an uncursed amulet of resist mutation
 E - a +4 ring of strength (right hand)
 G - an uncursed ring of protection from magic
Magical devices
 d - a wand of heal wounds (1)
 F - a wand of random effects (30)
 Q - a wand of frost (32)
Scrolls
 h - a scroll of immolation {unknown}
 m - 4 scrolls of identify
 o - a scroll of enchant weapon {unknown}
 p - 3 scrolls of fog {unknown}
 r - 2 scrolls of recharging {unknown}
 v - 4 scrolls of remove curse
 w - a scroll of amnesia
 x - 2 scrolls of magic mapping
 y - a scroll of fear
 I - a scroll of noise {unknown}
 L - 2 scrolls of teleportation
 S - a scroll of blinking {unknown}
Potions
 e - 3 potions of might
 g - a potion of cancellation {unknown}
 i - 3 potions of agility
 n - 2 potions of restore abilities
 s - 4 potions of brilliance
 t - a potion of magic {unknown}
 B - a potion of resistance
 C - a potion of berserk rage {unknown}
Books
 z - a book of Transfigurations

   Spells                             Type                      Level
   a - Stoneskin                      Transmutation/Earth          2
   b - Irradiate                      Conjuration/Transmutation    5
   c - Statue Form                    Transmutation/Earth          6
   d - Hydra Form                     Transmutation                6
   e - Dragon Form                    Transmutation                7
 N - a book of Hinderance

   Spells                             Type                      Level
   a - Confusing Touch                Hexes                        2
   b - Confuse                        Hexes                        3
   c - Petrify                        Transmutation/Earth          4
   d - Metabolic Englaciation         Hexes/Ice                    5
   e - Gell's Gravitas                Hexes/Translocation          5
   f - Summon Mana Viper              Hexes/Summoning              5
 P - a book of Beasts

   Spells                             Type                      Level
   a - Summon Butterflies             Summoning                    1
   b - Call Canine Familiar           Summoning                    3
   c - Summon Ice Beast               Ice/Summoning                4
   d - Summon Mana Viper              Hexes/Summoning              5
   e - Monstrous Menagerie            Summoning                    6
   f - Summon Hydra                   Summoning                    7
 R - a book of Unlife

   Spells                             Type                      Level
   a - Recall                         Summoning/Translocation      3
   b - Animate Dead                   Necromancy                   4
   c - Control Undead                 Necromancy                   4
   d - Cigotuvi's Embrace             Necromancy                   5
   e - Death Channel                  Necromancy                   6
   f - Simulacrum                     Ice/Necromancy               6
Comestibles
 f - 6 bread rations
 k - 3 meat rations


   Skills:
 - Level 2.6 Fighting
 * Level 13.7 Axes
 - Level 3.2 Armour
 - Level 3.2 Shields


You had 8 spell levels left.
You didn't know any spells.

Dungeon Overview and Level Annotations

Branches:
Dungeon (8/15)             Temple (1/1) D:7
   Lair: D:8-11

Altars:
Ashenzari
Cheibriados
Fedhas
Gozag
Kikubaaqudgha
Makhleb
Nemelex Xobeh
Okawaru
Ru
Sif Muna
Vehumet
Xom
Yredelemnul
Zin
The Shining One

Annotations:
D:4 1 runed door


Innate Abilities, Weirdness & Mutations

You are resistant to damage.
You can recharge devices by infusing magical energy.
You passively map the area around you.
You do not heal naturally.


Message History

An electric eel is nearby!
The electric eel shoots out a bolt of lightning at you!
The bolt of electricity hits you! You resist.
You see here a giant mite corpse.
The electric eel shoots out a bolt of lightning at you!
The bolt of electricity hits you! You resist.
The bolt of electricity hits the plant.
A wyvern comes into view.
The electric eel shoots out a bolt of lightning at you!
The bolt of electricity hits you! You resist. The wyvern bites you.
* * * LOW HITPOINT WARNING * * *
The wyvern bites you but does no damage.
You hit the wyvern but do no damage. You slash the electric eel!!
You burn the electric eel.
The electric eel is almost dead.
The wyvern bites you!
* * * LOW HITPOINT WARNING * * *
The electric eel shoots out a bolt of lightning at you!
The bolt of electricity hits you! You resist. The wyvern bites you!
You die...

,,, , .....#### #.# ##.##
.P..PP.....## #.###.##
≈≈≈≈≈≈≈≈.....## #.#.## , ≈
≈≈≈≈≈≈≈≈≈≈≈≈P..# #..## * ≈≈
≈≈≈≈≈≈≈≈≈≈≈≈≈≈..# #.## , ≈≈
≈≈≈≈≈≈≈≈≈≈≈≈≈≈..###†######
,,
≈≈≈≈≈≈≈≈≈≈≈≈≈.............
,
≈≈≈≈≈≈≈≈≈;≈≈..†.####.######
, , ≈≈≈≈≈≈≈...@...P......#
* .≈≈≈≈.....D..#.#######
..............# *
*,........####### ,
,......### ** * #####


You could see a wyvern and an electric eel.

Vanquished Creatures
  A water moccasin (D:6)
  9 necrophages
  2 phantoms
  3 ogres
  A sky beast (D:7)
  Sigmund (D:5)
  2 centaurs
  2 giant frogs
  A scorpion (D:6)
  2 wights (D:7)
  A goliath beetle (D:7)
  6 crimson imps
  A jelly (D:6)
  2 hounds
  Crazy Yiuf (D:3)
  A centaur skeleton (D:7)
  An orc priest (D:4)
  An orc wizard (D:4)
  3 worker ants
  An iguana (D:6)
  A hound skeleton (D:6)
  2 mummies
  A worker ant zombie (D:5)
  4 gnolls (D:7)
  16 adders
  A shadow imp (D:6)
  2 giant mites
  3 worms
  2 adder zombies (D:7)
  An ooze (D:1)
  14 orcs
  9 bats
  2 bat skeletons
  2 bat zombies
  5 giant cockroaches
  11 goblins
  12 hobgoblins
  12 jackals
  12 kobolds
  3 quokkas (D:3)
  8 ball pythons
  7 giant newts
  A jackal skeleton (D:4)
  15 rats
  2 rat zombies (D:3)
  2 ballistomycetes (D:7)
192 creatures vanquished.

Vanquished Creatures (others)
  A giant spore (D:7)
  A fungus (D:3)
2 creatures vanquished.

Grand Total: 194 creatures vanquished

Notes
Turn   | Place    | Note
--------------------------------------------------------------
     0 | D:1      | eeldvark, the Deep Dwarf Fighter, began the quest for the Orb.
     0 | D:1      | Reached XP level 1. HP: 20/20 MP: 1/1
    70 | D:1      | Reached XP level 2. HP: 25/27 MP: 2/2
   353 | D:1      | Reached XP level 3. HP: 29/33 MP: 3/3
   482 | D:2      | Reached skill level 4 in Axes
   802 | D:2      | Reached XP level 4. HP: 24/40 MP: 4/4
   824 | D:2      | Reached skill level 5 in Axes
  1112 | D:3      | Reached XP level 5. HP: 23/46 MP: 5/5
  1190 | D:3      | Reached skill level 6 in Axes
  1452 | D:3      | Found an ancient bone altar of Kikubaaqudgha.
  1620 | D:3      | Noticed Crazy Yiuf
  1626 | D:3      | Killed Crazy Yiuf
  1732 | D:4      | Reached skill level 7 in Axes
  1732 | D:4      | Reached XP level 6. HP: 41/55 MP: 6/6
  2026 | D:4      | Found a glowing golden altar of the Shining One.
  2026 | D:4      | Noticed an angel
  2027 | D:4      | Found a runed door.
  2152 | D:4      | Noticed an ogre
  2157 | D:4      | Killed an ogre
  2577 | D:4      | Reached skill level 8 in Axes
  2806 | D:5      | Entered Level 5 of the Dungeon
  2864 | D:5      | Noticed Sigmund
  2884 | D:5      | Killed Sigmund
  2884 | D:5      | Reached XP level 7. HP: 49/61 MP: 7/7
  2894 | D:5      | Reached skill level 9 in Axes
  3006 | D:5      | Found a radiant altar of Vehumet.
  3667 | D:6      | Reached skill level 10 in Axes
  3717 | D:6      | Reached XP level 8. HP: 37/68 MP: 8/8
  3789 | D:6      | Reached skill level 11 in Axes
  3864 | D:6      | Found a glowing silver altar of Zin.
  3865 | D:6      | Found a shattered altar of Ashenzari.
  4148 | D:7      | Found a staircase to the Ecumenical Temple.
  4158 | Temple   | Entered the Ecumenical Temple
  4186 | Temple   | Became a worshipper of Warmaster Okawaru
  4268 | D:7      | Reached skill level 12 in Axes
  4558 | D:7      | Gained mutation: You passively map the area around you. [level up]
  4558 | D:7      | Reached XP level 9. HP: 28/74 MP: 9/9
  4615 | D:7      | Acquired Okawaru's first power
  4644 | D:7      | Reached skill level 13 in Axes
  4786 | D:7      | Found a shimmering altar of Xom.
  4788 | D:7      | Found a shimmering altar of Xom.
  4789 | D:7      | Found a shimmering altar of Xom.
  4794 | D:7      | Found a shimmering altar of Xom.
  4795 | D:7      | Found a shimmering altar of Xom.
  4797 | D:7      | Found a shimmering altar of Xom.
  5235 | D:8      | Slain by a wyvern

Action                   |  1- 3 |  4- 6 |  7- 9 || total
-------------------------+-------+-------+-------++-------
Melee: War axe           |    97 |   182 |   185 ||   464
 Fire: Hunting sling     |       |       |     2 ||     2
Throw: Stone             |       |       |     1 ||     1
Evoke: Wand              |       |     3 |     1 ||     4
  Use: Potion            |       |     1 |     2 ||     3
       Scroll            |       |       |     8 ||     8
  Eat: Chunk             |       |     5 |     8 ||    13
       Fruit             |       |     1 |     1 ||     2
